 Dungeon Crawl Stone Soup version 0.27-a0-1139-g28e009f8a6 (webtiles) character file.

Game seed: 2732148929845861632

86 voltaire321 the Sneak (level 4, 0/28 HPs)
             Began as an Octopode Earth Elementalist on May 7, 2021.
             Slain by Purgy (6 damage)
             ... in a sewer on May 8, 2021.
             The game lasted 00:06:50 (2999 turns).

voltaire321 the Sneak (Octopode Earth Elementalist) Turns: 2999, Time: 00:06:51

Health: 0/28       AC:  1    Str:  7    XL:     4   Next: 49%
Magic:  1/7        EV: 13    Int: 18    God:
Gold:   127        SH:  0    Dex: 12    Spells: 1/7 levels left

rFire    . . .     SeeInvis .   a - +0 rapier
rCold    . . .     Faith    .   (no shield)
rNeg     . . .     Spirit   .   (helmet restricted)
rPois    .         Reflect  .   (no amulet)
rElec    .         Harm     .   (no ring)
rCorr    .         Rampage  .   (no ring)
Will     .....                  (no ring)
Stlth    ++++......             (no ring)
HPRegen  0.09/turn              (no ring)
MPRegen  0.10/turn              (no ring)
                                (no ring)
                                (no ring)

@: no status effects
A: almost no armour, amphibious, 8 rings, camouflage 1, gelatinous body 1,
nimble swimmer 1, tentacles
a: no special abilities


You were in a sewer.
You visited 1 branch of the dungeon, and saw 3 of its levels.
You also visited: Sewer.

You collected 127 gold pieces.

Inventory:

Hand Weapons
 a - a +0 rapier (weapon)
Missiles
 b - 46 stones
 k - 16 poisoned darts
Scrolls
 c - 2 scrolls of identify
 f - a scroll of fog
 j - a scroll of vulnerability {unknown}
 l - a scroll of teleportation {unknown}
Potions
 d - 2 potions of invisibility {unknown}
 e - 2 potions of heal wounds {unknown}
 g - a potion of ambrosia {unknown}
 h - a potion of lignification {unknown}
 i - a potion of magic {unknown}


   Skills:
 + Level 1.3 Fighting
 + Level 2.4 Dodging
 + Level 3.5 Stealth
 + Level 2.4 Spellcasting
 + Level 0.0 Conjurations
 + Level 2.0 Transmutations
 + Level 3.4 Earth Magic


You had one spell level left.
You knew the following spells:

 Your Spells              Type           Power      Damage    Failure   Level
a - Sandblast             Erth           28%        2d8       4%          1
b - Passwall              Tmut/Erth      10%        N/A       9%          2
c - Stone Arrow           Conj/Erth      16%        3d8       26%         3

Your spell library contained the following spells:

 Spells                   Type           Power      Damage    Failure   Level
 Petrify                  Tmut/Erth      12%        N/A       50%         4
 Lee's Rapid Deconstruct  Erth           7%         3d7*      75%         5


Dungeon Overview and Level Annotations

Branches:
Dungeon (3/15)              Sewer (1/1)

Altars:
Nemelex Xobeh

Annotations:
Sewer Purgy


Innate Abilities, Weirdness & Mutations

You cannot wear most types of armour.
You are amphibious.
You can wear up to eight rings at the same time.
Your skin changes colour to match your surroundings (Stealth+).
Your rubbery body absorbs attacks. (AC +1, EV +1)
You are camouflaged near water. (Stealth+)
You have tentacles for arms and can constrict up to eight enemies at once.


Message History

Aim: Purgy (lightly wounded, 74% to hit)
The blast of sand hits Purgy.
Purgy is moderately wounded.
Purgy bites you. Purgy barely misses you. Purgy claws you.
Casting: Sandblast (safe; 4% risk of failure)
Confirm with . or Enter, or press ? or * to list all spells.
Aiming: Sandblast (safe; 4% risk of failure)
Press: ? - help, Shift-Dir - straight line, f/p - Purgy
Aim: Purgy (moderately wounded, 74% to hit)
The blast of sand hits Purgy!
Purgy is heavily wounded.
Purgy bites you but does no damage. Purgy closely misses you.
Purgy claws you but does no damage.
Casting: Sandblast (safe; 4% risk of failure)
Confirm with . or Enter, or press ? or * to list all spells.
Aiming: Sandblast (safe; 4% risk of failure)
Press: ? - help, Shift-Dir - straight line, f/p - Purgy
Aim: Purgy (heavily wounded, 74% to hit)
The blast of sand hits Purgy!
Purgy is severely wounded.
Purgy barely misses you. Purgy claws you. Purgy closely misses you.
Casting: Sandblast (safe; 4% risk of failure)
Confirm with . or Enter, or press ? or * to list all spells.
Aiming: Sandblast (safe; 4% risk of failure)
Press: ? - help, Shift-Dir - straight line, f/p - Purgy
Aim: Purgy (severely wounded, 74% to hit)
The blast of sand hits Purgy.
Purgy is almost dead.
Purgy bites you!
* * * LOW HITPOINT WARNING * * *
Purgy closely misses you. Purgy barely misses you.
Casting: Sandblast (safe; 4% risk of failure)
Confirm with . or Enter, or press ? or * to list all spells.
Aiming: Sandblast (safe; 4% risk of failure)
Press: ? - help, Shift-Dir - straight line, f/p - Purgy
Aim: Purgy (severely wounded, 74% to hit)
The blast of sand hits Purgy but does no damage.
Purgy is severely wounded.
Purgy bites you.
You die...

###### ## ##......##
#?$ ###.....≈≈.≈.###
#$.##.....# #..≈..##
###.≈..≈# #≈....
#..T@.≈## ##...≈
###≈....### ###.≈.≈.
#!.##.....####..≈≈.##
#() ###..≈≈.≈≈≈..###
## ###.≈..≈.###
########


You could see Purgy.

Vanquished Creatures
  3 adders (D:3)
  A dart slug (D:2)
  4 ball pythons
  6 endoplasms
  6 giant cockroaches
  3 goblins (D:1)
  5 hobgoblins
  2 jackals (Sewer)
  9 kobolds
  A quokka (D:1)
  3 bats (D:1)
  4 frilled lizards (D:1)
  7 rats (D:1)
54 creatures vanquished.

Notes
Turn   | Place    | Note
-------+----------+-------------------------------------------
     0 | D:1      | voltaire321 the Octopode Earth Elementalist began the quest
                  | for the Orb.
     0 | D:1      | Reached XP level 1. HP: 11/11 MP: 3/3
   225 | D:1      | Reached XP level 2. HP: 18/18 MP: 5/5
   528 | D:1      | Found a sparkling altar of Nemelex Xobeh.
   725 | D:1      | Reached XP level 3. HP: 8/22 MP: 6/6
   980 | D:1      | Reached skill level 1 in Fighting
  1196 | D:1      | Found a faded altar of an unknown god.
  2480 | D:3      | Reached XP level 4. HP: 20/28 MP: 7/7
  2495 | D:3      | Found a glowing drain.
  2689 | Sewer    | Entered a sewer
  2778 | Sewer    | Learned a level 2 spell: Passwall
  2782 | Sewer    | Learned a level 3 spell: Stone Arrow
  2984 | Sewer    | Noticed Purgy
  2999 | Sewer    | Slain by Purgy

Illustrated notes

Levels and vault maps discovered:
D:1:      nicolae_arrival_washed_ashore, layout_basic,
          hellmonk_ecumenical_altar_arch_garden, chequers_decorated_corner,
          st_stairs_14, roderic_malta_cross, minmay_hexomino_r4
D:2:      layout_basic
D:3:      layout_loops_ring, gup_sewer_entry_glass, kennysheep_generic_room_3,
          uniq_jessica, uniq_crazy_yiuf_cottage, uniq_terence, uniq_ijyb
Sewer:    sewer_the_moccasin

Skill      XL: |  1  2  3  4 |
---------------+-------------+-----
Stealth        | 3 |  3.5
Fighting       | 1 |  1.3
Transmutations | 2 |  2.0
Dodging        | |  2.4
Spellcasting   | |  2.4
Earth Magic    | |  3.4

Action                   |  1- 3 |  4- 6 || total
-------------------------+-------+-------++-------
Melee: Rapier            |    83 |    27 ||   110
       Constrict         |    22 |     7 ||    29
       Tentacles         |    10 |     2 ||    12
 Cast: Sandblast         |       |     7 ||     7
  Use: Scroll            |     3 |       ||     3
 Stab: Sleeping          |    10 |       ||    10
Armor: Skin              |    12 |     5 ||    17
Dodge: Dodged            |    67 |    35 ||   102

Table legend: (Time is in decaauts)
 A = Elapsed time spent in this place.
 B = Non-inter-level travel time spent in this place.
 C = Inter-level travel time spent in this place.
 D = Time resting spent in this place.
 E = Time spent auto-exploring this place.
 F = Levels seen in this place.
 G = Mean time per level.
                   A        B        C        D        E       F      G
               +--------+--------+--------+--------+--------+-----+--------+
         Total |   3019 |   2952 |     67 |    823 |   1520 |   4 |  754.8 |
       Dungeon |   2707 |   2640 |     67 |    597 |   1489 |   3 |  902.3 |
         Sewer |    312 |    312 |      0 |    226 |     31 |   1 |  312.0 |
               +--------+--------+--------+--------+--------+-----+--------+

Top non-repeatable levels by time:
     D:1: 1586 daAuts
     D:2: 871 daAuts
   Sewer: 312 daAuts
     D:3: 249 daAuts
